AoeStats
← _Orca_

Fortress

507466891Analyzed
3v3 RM · 13d ago on Sep 18, 2026· 53m 17s· 6 players
Game mode
Random Map
Map size
Large (8 player)
Population
200
Speed
Normal
Resources
Standard
Victory
Conquest
Starting age
Dark Age
Ending age
Imperial Age
RankedLock teamsTeams togetherTeam positionsShared explorationLock speedFull tech treeHidden civsTurbo modeCheats
Victory
Defeat
🇳🇱 Gurjaras · Netherlands
1500
+10
🇧🇷 Mongols · Brazil
1458
+12
🇹🇷 Magyars · Türkiye
1386
+15
🇨🇳 Mongols · China
1438
-15
🇧🇩 Celts · Bangladesh
1345
-11
🇨🇳 Khmer · China
1329
-11
rick rush
7:23 Feudal Age
11:35 Castle Age
9:41 Double-Bit Axe
10:16 Fletching
10:36 Gold Mining
12:06 Padded Archer Armor
12:05 Horse Collar
12:33 Bodkin Arrow
14:00 Wheelbarrow
17:56 Bow Saw
18:11 Heavy Plow
19:27 Thumb Ring
26:50 Imperial Age
24:48 Ballistics
26:32 Gold Shaft Mining
28:23 Parthian Tactics
28:59 Hand Cart
28:46 Bracer
30:38 Capped Ram
32:43 Conscription
32:53 Drill
33:26 Siege Ram
33:54 Town Watch
33:55 Loom
35:05 Leather Archer Armor
35:59 Chemistry
35:19 Elite Mangudai
37:52 Caravan
39:43 Town Patrol
39:38 Stone Mining
41:40 Onager
42:59 Murder Holes
43:10 Siege Engineers
43:17 Masonry
43:18 Fortified Wall
45:20 Stone Shaft Mining
47:41 Siege Onager
52:41 Bloodlines
52:32 Husbandry
Sawyer
8:44 Feudal Age
9:40 Double-Bit Axe
9:40 Horse Collar
12:34 Castle Age
11:59 Loom
17:20 Wheelbarrow
21:31 Bloodlines
21:21 Husbandry
21:39 Heavy Plow
22:58 Scale Barding Armor
23:19 Fletching
26:52 Imperial Age
24:45 Bodkin Arrow
24:50 Padded Archer Armor
25:52 Chain Barding Armor
26:07 Gold Mining
26:51 Thumb Ring
27:50 Leather Archer Armor
28:19 Hand Cart
27:51 Town Watch
28:58 Parthian Tactics
28:35 Heavy Cavalry Archer
32:12 Ring Archer Armor
31:49 Bracer
33:09 Plate Barding Armor
33:55 Ballistics
34:45 Chemistry
34:21 Corvinian Army
34:43 Conscription
34:32 Recurve Bow
35:43 Elite Magyar Huszar
38:23 Caravan
48:30 Bow Saw
48:55 Crop Rotation
49:56 Murder Holes
50:06 Siege Engineers
50:12 Masonry
50:12 Elite Skirmisher
sdk
0:27 Loom
6:22 Feudal Age
6:45 Horse Collar
6:50 Double-Bit Axe
12:34 Town Watch
13:41 Wheelbarrow
15:22 Castle Age
17:22 Heavy Plow
17:44 Bow Saw
20:24 Hand Cart
19:57 Loom
22:41 Kshatriyas
23:08 Forging
26:28 Gold Mining
30:20 Imperial Age
29:01 Gold Shaft Mining
28:16 Stone Mining
29:27 Iron Casting
28:54 Scale Mail Armor
29:19 Fortified Wall
32:02 Chemistry
30:25 Elite Chakram Thrower
31:27 Conscription
31:47 Stone Shaft Mining
32:19 Masonry
32:37 Chain Mail Armor
34:48 Architecture
34:44 Fletching
35:25 Treadmill Crane
35:40 Murder Holes
36:05 Ballistics
36:10 Bodkin Arrow
36:32 Caravan
38:36 Arson
39:15 Bloodlines
39:06 Husbandry
38:26 Heavy Camel Rider
40:03 Bracer
41:20 Plate Mail Armor
42:16 Light Cavalry
43:02 Hussar
45:15 Scale Barding Armor
47:28 Chain Barding Armor
47:56 Frontier Guards
48:11 Hoardings
50:06 Plate Barding Armor
51:09 Siege Elephant
开心不易
9:32 Feudal Age
12:22 Castle Age
10:17 Double-Bit Axe
11:19 Horse Collar
16:24 Bow Saw
16:48 Loom
18:47 Heavy Plow
19:12 Town Watch
23:10 Bloodlines
23:01 Husbandry
24:33 Wheelbarrow
27:28 Imperial Age
27:22 Gold Mining
27:23 Stone Mining
27:46 Tusk Swords
28:15 Elite Battle Elephant
30:13 Gold Shaft Mining
30:16 Conscription
31:59 Hand Cart
33:17 Scale Barding Armor
33:23 Forging
33:05 Fletching
34:44 Chain Barding Armor
35:00 Iron Casting
34:20 Heavy Scorpion
35:25 Caravan
36:24 Double Crossbow
35:49 Elite Ballista Elephant
37:12 Plate Barding Armor
37:38 Blast Furnace
36:39 Padded Archer Armor
36:34 Bodkin Arrow
37:15 Ballistics
39:32 Light Cavalry
40:41 Hussar
_Orca_
7:55 Feudal Age
11:34 Castle Age
9:25 Double-Bit Axe
9:42 Horse Collar
12:37 Bow Saw
13:34 Loom
15:03 Wheelbarrow
15:51 Town Watch
24:26 Scale Mail Armor
25:55 Hand Cart
30:02 Imperial Age
28:36 Fortified Wall
28:07 Treadmill Crane
28:03 Pikeman
28:29 Arson
29:01 Chain Mail Armor
28:57 Forging
31:26 Fletching
31:48 Siege Engineers
31:39 Murder Holes
31:54 Masonry
33:24 Plate Mail Armor
33:56 Guilds
34:00 Gold Mining
34:01 Stone Mining
34:15 Halberdier
35:32 Iron Casting
34:53 Bodkin Arrow
36:53 Conscription
36:25 Stronghold
36:49 Elite Skirmisher
37:31 Padded Archer Armor
38:32 Blast Furnace
39:26 Leather Archer Armor
39:33 Ballistics
40:14 Chemistry
40:04 Heavy Plow
40:40 Gold Shaft Mining
40:41 Stone Shaft Mining
41:49 Conscription
42:37 Ring Archer Armor
42:09 Capped Ram
45:53 Hoardings
47:06 Elite Woad Raider
51:21 Caravan
52:03 Furor Celtica
局局卡子
7:05 Feudal Age
10:49 Castle Age
8:50 Double-Bit Axe
9:21 Horse Collar
13:20 Bow Saw
18:57 Wheelbarrow
19:19 Heavy Plow
20:38 Stone Mining
20:58 Loom
20:34 Man-at-Arms
21:40 Fletching
23:55 Bodkin Arrow
24:11 Town Watch
25:31 Ballistics
26:24 Thumb Ring
26:29 Husbandry
29:22 Imperial Age
28:03 Bloodlines
28:16 Gold Mining
29:03 Stone Shaft Mining
28:40 Nomads
29:06 Hand Cart
29:37 Town Patrol
29:19 Light Cavalry
29:25 Capped Ram
30:15 Bracer
31:18 Chemistry
30:58 Conscription
31:33 Drill
31:49 Parthian Tactics
31:28 Padded Archer Armor
31:46 Scale Barding Armor
31:52 Forging
32:10 Elite Mangudai
33:43 Chain Barding Armor
33:37 Onager
35:13 Iron Casting
34:56 Leather Archer Armor
36:27 Herbal Medicine
36:16 Siege Ram
36:52 Hussar
38:10 Iron Casting
42:13 Caravan
44:50 Blast Furnace
49:11 Hoardings
48:48 Masonry
48:43 Siege Engineers
52:48 Murder Holes
Connection lost

Rejoining the realm…

Still unreachable

The connection could not be restored.

Session expired

The server has moved on; the page needs a fresh start.